Map: 세룰리안 폴 - 래더

Players

TSGSolar (Solar) - Winner!

  • Race: Zerg Zerg
  • League: Master
  • Spawn Location: 7:00

Stats

  • Race: Protoss Protoss
  • League: Grandmaster
  • Spawn Location: 1:00

Event: IEM Season 13 - Katowice Server Qualifiers Asia 2

VOD

Have the link to the VOD?

Description

Time

  • Played on: Jan. 22, 2019, 4:52 a.m.
  • Length: 7:32

All games in this series

Show
View Real Time Build Order
Export as new Build Order

TSGSolar Zerg - Winner!

Build Orders: Hatch First 

Get SALT Encoding   

  12  0:01  Drone  
  13  0:12  Overlord  
  13  0:17  Drone  
  14  0:30  Drone  
  14  0:31  Drone  
  16  0:49  Hatchery  
  15  0:51  Drone  
  15  0:55  Drone  
  17  0:59  Drone  
  18  1:06  Extractor  
  17  1:14  Spawning Pool  
  17  1:17  Drone  
  17  1:20  Drone  
  18  1:28  Drone  
  19  1:38  Drone  
  20  1:48  Hatchery  
  20  1:52  Drone  
  20  2:01  Queen  
  20  2:05  Drone  
  23  2:12  Metabolic Boost  
  23  2:15  Drone  
  24  2:17  Drone  
  24  2:22  Overlord  
  25  2:30  Queen  
  25  2:33  Zergling x2  
  28  2:42  Zergling x2  
  28  2:43  Drone x2  
  31  2:48  Queen  
  31  2:50  Zergling x2  
  34  2:53  Zergling x2  
  34  2:55  Zergling x2  
  36  3:01  Queen  
  36  3:04  Drone  
  39  3:08  Overlord  
  39  3:11  Drone  
  40  3:13  Drone  
  40  3:14  Drone  
  40  3:19  Drone  
  42  3:25  Drone  
  42  3:26  Queen  
  42  3:29  Overlord  
  42  3:33  Drone  
  45  3:36  Spore Crawler  
  45  3:38  Spore Crawler  
  43  3:41  Overlord  
  43  3:48  Drone  
  44  3:49  Drone x3  
  44  3:50  Drone  
  44  3:52  Drone  
  44  3:54  Drone  
  48  3:56  Drone  
  48  4:00  Drone  
  48  4:01  Drone x2  
  52  4:05  Drone x2  
  52  4:06  Drone  
  52  4:09  Drone  
  55  4:14  Drone x3  
  58  4:17  Overlord  
  58  4:19  Overlord  
  58  4:24  Overlord  
  58  4:29  Lair  
  58  4:34  Roach Warren  
  58  4:35  Drone x2  
  58  4:36  Extractor x2, Drone  
  58  4:38  Drone  
  54  4:40  Drone  
  54  4:41  Drone  
  54  4:42  Drone  
  54  4:44  Drone  
  57  4:45  Drone  
  57  4:47  Drone  
  57  4:50  Drone x2  
  57  4:51  Drone  
  57  4:52  Drone  
  63  4:57  Zergling x6  
  63  4:59  Zergling x4  
  68  5:03  Zergling x4  
  68  5:06  Extractor, Drone  
  70  5:13  Zergling x2  
  71  5:14  Overlord  
  71  5:17  Overlord  
  71  5:19  Drone x2  
  71  5:21  Drone x3  
  73  5:22  Drone  
  73  5:24  Drone x2  
  73  5:26  Overlord  
  73  5:28  Glial Reconstitution  
  76  5:31  Roach  
  76  5:32  Overseer  
  76  5:34  Roach  
  76  5:35  Roach  
  82  5:37  Roach  
  83  5:43  Roach x2  
  83  5:46  Overlord  
  87  5:52  Roach x3  
  87  5:54  Roach x2  
  101  5:57  Roach x2  
  101  5:59  Overlord  
  101  6:00  Roach  
  103  6:04  Overlord  
  103  6:08  Overlord  
  103  6:10  Roach x2  
  103  6:11  Roach  
  108  6:16  Roach  
  108  6:20  Roach  
  108  6:23  Roach x5  
  108  6:24  Roach  
  122  6:27  Overlord  
  122  6:30  Roach x2  
  122  6:32  Roach  
  126  6:36  Extractor  
  126  6:38  Roach, Hydralisk Den  
  125  6:40  Evolution Chamber  
  125  6:44  Drone x2  
  125  6:45  Drone x2  
  128  6:48  Roach  
  128  6:50  Overlord  
  128  6:52  Drone x3  
  135  6:54  Roach  
  135  6:56  Overlord  
  135  7:01  Drone x2  
  135  7:03  Overlord  
  135  7:07  Drone  
  135  7:08  Drone  
  132  7:10  Drone  
  132  7:12  Drone  
  132  7:13  Drone x2  
Show
View Real Time Build Order
Export as new Build Order

Stats Protoss 

Build Orders: 1 Gate Expand, Oracle Opening, Zealot Archon, Archon Drop 

Get SALT Encoding   

  12  0:00  Probe  
  13  0:12  Probe  
  14  0:19  Pylon  
  14  0:25  Probe  
  15  0:33  Probe  
  15  0:41  Probe  
  16  0:44  Gateway  
  16  0:47  Assimilator  
  17  0:51  Probe  
  18  1:03  Probe  
  19  1:15  Probe  
  20  1:23  Nexus  
  20  1:33  Cybernetics Core  
  20  1:36  Probe  
  21  1:41  Assimilator  
  21  1:48  Probe  
  21  1:51  Pylon  
  22  2:00  Probe, Adept  
  23  2:12  Probe  
  26  2:17  Stargate  
  26  2:20  Adept  
  26  2:24  Probe  
  26  2:26  Warp Gate  
  29  2:34  Probe  
  29  2:36  Probe  
  31  2:45  Probe, Stalker  
  31  2:48  Probe  
  35  2:56  Probe  
  36  2:59  Oracle  
  36  3:00  Probe  
  40  3:12  Probe  
  41  3:13  Probe  
  41  3:17  Pylon  
  42  3:22  Adept  
  42  3:25  Probe x2  
  42  3:26  Oracle  
  42  3:37  Probe x2  
  42  3:41  Assimilator  
  47  3:43  Assimilator  
  47  3:49  Probe x2  
  47  4:03  Probe x2  
  47  4:06  Robotics Facility  
  49  4:13  Pylon  
  49  4:15  Probe x2  
  49  4:16  Twilight Council  
  51  4:25  Gateway  
  51  4:28  Gateway x2  
  51  4:29  Adept  
  53  4:32  Probe x2  
  52  4:43  Warp Prism  
  52  4:50  Adept  
  54  4:56  Templar Archives  
  56  5:00  Nexus  
  56  5:03  Pylon  
  56  5:05  Pylon  
  56  5:09  Probe x2  
  58  5:19  Observer  
  55  5:28  Probe  
  55  5:29  Probe  
  55  5:35  Forge  
  57  5:36  High Templar x3  
  57  5:39  Archon, High Templar  
  65  5:43  Archon, Immortal  
  65  5:45  Probe x2  
  65  5:48  Pylon  
  67  5:50  Gateway  
  67  5:55  Gateway  
  71  5:59  Pylon  
  71  6:04  Pylon  
  71  6:07  Pylon  
  71  6:15  Probe x3  
  71  6:17  Zealot x4  
  82  6:27  Immortal  
  82  6:30  Pylon  
  84  6:33  Gateway  
  84  6:35  Gateway  
  85  6:56  Nexus  
  85  6:59  Sentry x4  
  80  7:16  Sentry  
  80  7:17  Zealot  
  74  7:25  Zealot x4  
  74  7:30  Sentry  

Tags
 
Add a new tag
Caveats
  • Supply blocks, unpowered buildings, or Contaminate may cause inaccurate times.
  • Supply counts are checked every 10 seconds.